 Dungeon Crawl Stone Soup version 0.29-a0-362-g5854e031c7 (webtiles) character file.

Game seed: 12164637577286581391

830 ryw the Skirmisher (level 7, 0/57 HPs)
             Began as a Demonspawn Monk on Apr 29, 2022.
             Was a Believer of Okawaru.
             Slain by a troll (11 damage)
             ... on level 5 of the Dungeon.
             The game lasted 00:11:00 (6500 turns).

ryw the Skirmisher (Demonspawn Monk)                Turns: 6500, Time: 00:11:00

Health: 0/57       AC:  8    Str: 11    XL:     7   Next: 65%
Magic:  8/8        EV: 13    Int: 11    God:    Okawaru [**....]
Gold:   269        SH:  0    Dex: 18    Spells: 8/8 levels left

rFire   . . .      SeeInvis .   v - +2 dagger (venom)
rCold   . . .      Faith    .   (no shield)
rNeg    . . .      Spirit   .   r - +0 leather armour
rPois   .          Reflect  .   g - +0 helmet
rElec   .          Harm     .   s - +0 cloak
rCorr   .          Rampage  .   y - +0 pair of gloves
Will    .....                   (no boots)
Stlth   ++........              (no amulet)
HPRegen 0.19/turn               j - ring of wizardry
MPRegen 0.22/turn               (no ring)

@: no status effects
A: molten scales 1, foul stench 2, magic regeneration
a: Renounce Religion, Heroism


You were on level 5 of the Dungeon.
You worshipped Okawaru.
Okawaru was pleased with you.
You visited 2 branches of the dungeon, and saw 6 of its levels.

You collected 269 gold pieces.

Inventory:

Hand Weapons
 i - a +1 dagger of electrocution
 q - a +2 dagger of speed
 v - a +2 dagger of venom (weapon)
Missiles
 d - 157 stones (quivered)
Armour
 a - a +0 robe
 g - a +0 helmet (worn)
 r - a +0 leather armour (worn)
 s - a +0 cloak (worn)
 y - a +0 pair of gloves (worn)
Jewellery
 j - a ring of wizardry (left hand)
 w - a ring of see invisible
Scrolls
 f - 2 scrolls of enchant weapon
 o - a scroll of teleportation
 u - a scroll of fear
 x - 3 scrolls of identify
 z - 2 scrolls of fog {unknown}
 A - 3 scrolls of vulnerability {unknown}
Potions
 b - a potion of ambrosia
 c - a potion of heal wounds
 e - a potion of invisibility
 h - a potion of flight
 k - a potion of mutation {unknown}
 l - 3 potions of curing
 m - a potion of brilliance {unknown}
 n - a potion of lignification {unknown}
 p - 3 potions of magic {unknown}
 t - a potion of might {unknown}


   Skills:
 + Level 5.7 Fighting
 * Level 4.3 Short Blades
 + Level 4.0 Dodging
 + Level 3.6 Stealth
 - Level 2.6 Unarmed Combat
 + Level 1.2 Spellcasting


You had 8 spell levels left.
You didn't know any spells.
Your spell library was empty.

Dungeon Overview and Level Annotations

Branches:
Dungeon (5/15)             Temple (1/1) D:4

Altars:
Ashenzari
Cheibriados
Dithmenos
Elyvilon
Fedhas
Gozag
Hepliaklqana
Nemelex Xobeh
Okawaru
Ru
Sif Muna
Trog
Uskayaw
Vehumet
Wu Jian
Xom
Yredelemnul
Zin
The Shining One

Shops:
D:2 *![

Annotations:
D:5 3 runed translucent doors, DocClef's ghost, weakling GnDe


Innate Abilities, Weirdness & Mutations

You are partially covered in molten scales. (AC +2)
You sometimes emit foul miasma when damaged in melee.
You regenerate magic rapidly.


Message History

A troll comes into view.
The troll shouts!
Throw: 160 stones
Press: ? - help, Q - select action, (/) - cycle Shift-Dir - straight line, f - troll
Aim: a troll (63% to hit)
You throw a stone. The stone closely misses the troll.
Throw: 159 stones
Press: ? - help, Q - select action, (/) - cycle Shift-Dir - straight line, f/p - troll
Aim: a troll (63% to hit)
You throw a stone.
The stone hits the troll but does no damage.
Throw: 158 stones
Press: ? - help, Q - select action, (/) - cycle Shift-Dir - straight line, f/p - troll
Aim: a troll (63% to hit)
You throw a stone. The stone hits the troll.
The troll is lightly wounded.
Unknown command.
You hit the troll.
The troll is poisoned.
The troll is lightly wounded.
The troll barely misses you. The troll claws you but does no damage.
The troll claws you!
You hit the troll.
The troll looks as sick as possible!
The troll is lightly wounded.
The troll barely misses you. The troll claws you! The troll barely misses you.
The troll attacks as you move away! The troll bites you!
You emit a cloud of foul miasma!
The troll claws you! The troll closely misses you.
The troll is engulfed in dark miasma.
The troll looks as sick as possible!
The troll seems to slow down.
The troll is no longer moving slowly.
You hit the troll.
The troll looks as sick as possible!
The troll is heavily wounded.
The troll barely misses you. The troll claws you but does no damage.
The troll closely misses you.
You closely miss the troll.
The troll is heavily wounded.
The troll misses you. The troll closely misses you. The troll claws you!
* * * LOW HITPOINT WARNING * * *
The troll attacks as you move away! The troll bites you but does no damage.
The troll claws you!
You die...

#.# #.# #.# #.# #.# #.# #.#
##################### #.#
##............@T.....####.#
.....#.######.######.#...>..#
.#. #.#.## #.# ##.#..##.###
#..#.## #.# ##.#...##.#
#...#.###.###.#....##.#
#....#.##.##.#.....##.#
...#.....#.#.#.#.........#
#.##......#.#.#.......####
#.##.......#.#........#


You could see a troll (extremely poisoned).

Vanquished Creatures
  Sigmund (D:3)
  An ice beast (D:5)
  4 hounds
  A jelly (D:4)
  3 orc priests
  Natasha (thrice) (D:3)
  2 iguanas
  Terence (D:3)
  6 adders
  3 river rats (D:2)
  A shadow imp (D:5)
  6 worms
  5 dart slugs
  15 orcs
  3 endoplasms
  3 giant cockroaches (D:1)
  6 goblins
  6 hobgoblins
  2 jackals (D:5)
  4 quokkas
  3 ball pythons
  5 bats
  3 frilled lizards
  A kobold (D:1)
  9 rats
  A butterfly (D:4)
98 creatures vanquished.

Notes
Turn   | Place    | Note
-------+----------+-------------------------------------------
     0 | D:1      | ryw the Demonspawn Monk began the quest for the Orb.
     0 | D:1      | Reached XP level 1. HP: 18/18 MP: 1/1
   408 | D:1      | Found a faded altar of an unknown god.
   513 | D:1      | Gained mutation: You may rarely emit foul miasma when
                  | damaged in melee. [demonic ancestry]
   513 | D:1      | Reached XP level 2. HP: 23/24 MP: 2/2
  1138 | D:2      | Found Xatoki's General Store.
  1153 | D:2      | Reached skill level 4 in Fighting
  1153 | D:2      | Gained mutation: You regenerate magic rapidly. [demonic
                  | ancestry]
  1153 | D:2      | Reached XP level 3. HP: 28/30 MP: 3/3
  1184 | D:2      | Found Xyowk's Distillery.
  1216 | D:2      | Found a shimmering blue altar of Sif Muna.
  1372 | D:2      | Found Ricev's Antique Armour Shoppe.
  2088 | D:3      | Noticed Natasha
  2090 | D:3      | Noticed Terence
  2253 | D:3      | Reached skill level 1 in Short Blades
  2253 | D:3      | Reached XP level 4. HP: 28/38 MP: 4/4
  2504 | D:2      | Reached XP level 5. HP: 10/43 MP: 5/5
  2755 | D:3      | Killed Terence
  2805 | D:3      | Found a glowing drain.
  2850 | D:3      | Reached skill level 5 in Fighting
  3078 | D:3      | Noticed Sigmund
  3676 | D:3      | Killed Sigmund
  3677 | D:3      | Gained mutation: You are partially covered in molten
                  | scales. (AC +2) [demonic ancestry]
  3677 | D:3      | Reached XP level 6. HP: 46/51 MP: 6/6
  3746 | D:3      | Killed Natasha
  3786 | D:3      | Noticed Natasha
  3795 | D:3      | Killed Natasha
  3828 | D:3      | Noticed Natasha
  3845 | D:3      | Killed Natasha
  4599 | D:4      | Found a staircase to the Ecumenical Temple.
  4609 | Temple   | Entered the Ecumenical Temple
  4847 | Temple   | Became a worshipper of Warmaster Okawaru
  4847 | Temple   | Reached * piety under Okawaru
  4847 | Temple   | Reached ** piety under Okawaru
  5000 | D:4      | Gained mutation: You sometimes emit foul miasma when
                  | damaged in melee. [demonic ancestry]
  5000 | D:4      | Reached XP level 7. HP: 46/56 MP: 7/7
  5833 | D:5      | Entered Level 5 of the Dungeon
  5854 | D:5      | Reached skill level 1 in Spellcasting
  6290 | D:5      | Found a runed translucent gate.
  6290 | D:5      | Found a runed translucent gate.
  6290 | D:5      | Found a runed translucent gate.
  6291 | D:5      | Noticed DocClef's ghost (weakling GnDe)
  6464 | D:5      | Noticed a troll
  6500 | D:5      | Slain by a troll

Illustrated notes

Levels and vault maps discovered:
D:1:      dpeg_arrival_snail, layout_basic, shapermc_ecumenical_altar_venn,
          minmay_misc_feat_tower
D:2:      layout_basic, serial_shops, shop, nicolae_shop_stone, shop,
          basic_altar, kennysheep_generic_room_8
D:3:      layout_rooms, lightli_sewer_entry_pipes, kennysheep_generic_room_9,
          uniq_natasha, uniq_sigmund, uniq_terence
D:4:      cheibrodos_quashed, layout_gridville, minmay_temple_entry_butterflies,
          kennysheep_generic_room_7
D:5:      wad_pebble_path, layout_basic, gammafunk_ghost_nasty_kobolds
Temple:   mainiacjoe_temple_hex_bubbles

Skill      XL: |  1  2  3  4  5  6  7 |
---------------+----------------------+-----
Fighting       | 4 5 |  5.7
Short Blades   | 1 3 4 |  4.3
Stealth        | 2 3 |  3.6
Dodging        | 3 4 |  4.0
Spellcasting   | 1 |  1.2
Unarmed Combat | |  2.6

Action                   |  1- 3 |  4- 6 |  7- 9 || total
-------------------------+-------+-------+-------++-------
Melee: Unarmed           |    45 |       |       ||    45
       Dagger            |    66 |   151 |   113 ||   330
       Punch             |     3 |     5 |       ||     8
Throw: Stone             |       |    11 |     3 ||    14
  Use: Scroll            |     8 |     2 |       ||    10
 Stab: Sleeping          |     3 |     5 |     3 ||    11
       Distracted        |       |     1 |       ||     1
Armor: Robe              |    26 |    15 |     3 ||    44
       Leather armour    |       |       |    22 ||    22
Dodge: Dodged            |    74 |    78 |    83 ||   235

Table legend: (Time is in decaauts)
 A = Elapsed time spent in this place.
 B = Non-inter-level travel time spent in this place.
 C = Inter-level travel time spent in this place.
 D = Time resting spent in this place.
 E = Time spent auto-exploring this place.
 F = Levels seen in this place.
 G = Mean time per level.
                   A        B        C        D        E       F      G
               +--------+--------+--------+--------+--------+-----+--------+
         Total |   6504 |   6257 |    247 |   1390 |   3804 |   6 | 1084.0 |
       Dungeon |   6229 |   6056 |    173 |   1390 |   3615 |   5 | 1245.8 |
        Temple |    275 |    201 |     74 |      0 |    189 |   1 |  275.0 |
               +--------+--------+--------+--------+--------+-----+--------+

Top non-repeatable levels by time:
     D:2: 2192 daAuts
     D:4: 1293 daAuts
     D:3: 1270 daAuts
     D:1: 1037 daAuts
     D:5: 434 daAuts
  Temple: 275 daAuts
